 Dungeon Crawl Stone Soup version 0.27.1-34-g3ba077fa99 (webtiles) character file.

Game seed: 11178420820290642275

0 multipassport the Sneak (level 1, -3/14 HPs)
             Began as a Gargoyle Delver on Jan 16, 2022.
             Killed from afar by Ijyb (5 damage)
             ... with a puff of flame
             ... on level 5 of the Dungeon.
             The game lasted 00:01:00 (46 turns).

multipassport the Sneak (Gargoyle Delver)             Turns: 46, Time: 00:01:02

Health: -3/14      AC:  5    Str: 15    XL:     1   Next: 0%
Magic:  1/1        EV: 11    Int: 10    God:
Gold:   0          SH:  0    Dex: 11    Spells: 0/0 levels left

rFire    . . .     SeeInvis .   a - +0 falchion
rCold    . . .     Faith    .   (no shield)
rNeg     + . .     Spirit   .   b - +0 leather armour
rPois    ∞         Reflect  .   (no helmet)
rElec    +         Harm     .   (no cloak)
rCorr    .         Rampage  .   (no gloves)
Will     .....                  (no boots)
Stlth    +++.......             i - amulet of the acrobat
HPRegen  0.04/turn              (no ring)
MPRegen  0.07/turn              (no ring)

@: no status effects
A: sickness immunity, AC +2, negative energy resistance 1, electricity
resistance, torment resistance 1, petrification resistance
a: no special abilities


You were on level 5 of the Dungeon.
You visited 1 branch of the dungeon, and saw 1 of its levels.

Inventory:

Hand Weapons
 a - a +0 falchion (weapon)
Armour
 b - a +0 leather armour (worn)
Jewellery
 i - an amulet of the acrobat (around neck)
Wands
 g - a wand of digging (3)
Scrolls
 c - a scroll of fog
 d - a scroll of magic mapping
 e - a scroll of fear
Potions
 f - a potion of haste
 h - a potion of heal wounds {unknown}


   Skills:
 + Level 3.2 Fighting
 + Level 1.7 Long Blades
 + Level 0.0 Armour
 + Level 1.5 Dodging
 - Level 5.4 Stealth


You couldn't memorise any spells.
You didn't know any spells.
Your spell library was empty.

Dungeon Overview and Level Annotations

Branches:
Dungeon (5/15)
 Temple: D:4-7

Altars:

Annotations:
D:5 Ijyb


Innate Abilities, Weirdness & Mutations

You are immune to sickness and miasma.
Your stone body is resilient. (AC +2)
You are immune to poison.
You resist negative energy. (rN+)
You are resistant to electric shocks. (rElec)
You are resistant to unholy torment.
You are immune to petrification.


Message History

You hit the bullfrog but do no damage.
The bullfrog is moderately wounded.
The bullfrog closely misses you.
You riposte.
You closely miss the bullfrog.
The bullfrog is moderately wounded.
An iguana comes into view.
You hit the bullfrog.
The bullfrog is heavily wounded.
The bullfrog closely misses you. x2; You riposte.
You hit the bullfrog.
The bullfrog is severely wounded.
You closely miss the bullfrog.
The bullfrog is severely wounded.
The bullfrog hits you. Ijyb screams, "I cut your head off!"
Ijyb hits you with a +0 club.
The bullfrog hits you but does no damage.
Ijyb grins evilly.
Ijyb zaps a wand.
The puff of flame hits you!
Ouch! That really hurt!
* * * LOW HITPOINT WARNING * * *
The bullfrog completely misses you. The bullfrog misses you.
You riposte.
You hit the bullfrog.
The bullfrog is severely wounded.
The iguana hisses menacingly.
The bullfrog completely misses you.
You riposte.
You hit the bullfrog but do no damage.
The bullfrog is severely wounded.
The bullfrog barely misses you.
There is a stone staircase leading down here.
Sorry, you're not good enough to have a special ability.
You hit the bullfrog but do no damage.
The bullfrog is severely wounded.
The bullfrog barely misses you.
The bullfrog hits you but does no damage.
You hit the bullfrog.
The bullfrog is almost dead.
The bullfrog hits you but does no damage.
The bullfrog closely misses you.
You riposte.
You hit the bullfrog.
You kill the bullfrog!
Ijyb zaps a wand.
The puff of flame hits you.
You die...

#### ..# # #.# ###.##
#@# ####.....#
#†####.........
#g##.g......>..
########l##.#.........
#............l........
#.######.##.#........#
#.# #.##.####.....# #
#.# #.##.# ######
#.##.## #.##.#


You could see Ijyb and an iguana.

Vanquished Creatures
  A bullfrog (D:5)
1 creature vanquished.

Notes
Turn   | Place    | Note
-------+----------+-------------------------------------------
     0 | D:5      | multipassport the Gargoyle Delver began the quest for the
                  | Orb.
     0 | D:5      | Reached XP level 1. HP: 14/14 MP: 1/1
    27 | D:5      | Noticed Ijyb
    28 | D:5      | Noticed a bullfrog
    33 | D:5      | Noticed an iguana
    46 | D:5      | Killed a bullfrog
    46 | D:5      | Killed from afar by Ijyb

Illustrated notes

Levels and vault maps discovered:
D:5:      layout_loops_ring, makhleb_blood_cavern_becter,
          minmay_temple_entry_arrows, uniq_ijyb, uniq_blork_the_orc

Action                   || total
-------------------------++-------
Melee: Falchion          ||     7
Armor: Leather armour    ||     4
Dodge: Dodged            ||    11
       Rpst.: Falchion   ||     6
